NCAA
ARIZONA WILDCATS @ OREGON STATE BEAVERS
03/01/2060
 
TOP OF THE 1ST
Arizona Wildcats batting - Pitching for Oregon State Beavers : RHP Vincent Whelchel
Pitching: RHP Vincent Whelchel
Batting: RHB Brendan McIntyre 0-0: Ball
1-0: Called Strike
1-1: Fly out, F2 (Popup, 5SF, EV 77.5 MPH)
Batting: LHB Mason Ruff 0-0: Swinging Strike
0-1: Fly out, F7 (Line Drive, 78M, EV 104.4 MPH)
Batting: RHB Brian Panek 0-0: Ball
1-0: Foul Ball, location: 2F
1-1: Ball
2-1: Ball
3-1: Ground out 4-3 (Groundball, 34, EV 99.4 MPH)
Top of the 1st over - 0 runs, 0 hits, 0 errors, 0 left on base; Arizona 0 - Oregon State 0
BOTTOM OF THE 1ST
Oregon State Beavers batting - Pitching for Arizona Wildcats : RHP Nolan Benway
Pitching: RHP Nolan Benway
Batting: LHB Evan Garrettson 0-0: Called Strike
0-1: Called Strike
0-2: Ground out 4-3 (Groundball, 4, EV 86.2 MPH)
Batting: RHB Theo Prochazka 0-0: Called Strike
0-1: Ball
1-1: Foul Ball, location: 2F
1-2: Ball
2-2: Ground out 6-3 (Groundball, 56, EV 95.0 MPH)
Batting: RHB Zane Sirignano 0-0: Ball
1-0: Ball
2-0: Ball
3-0: Called Strike
3-1: Swinging Strike
3-2: Ground out 6-3 (Groundball, 6, EV 100.6 MPH)
Bottom of the 1st over - 0 runs, 0 hits, 0 errors, 0 left on base; Arizona 0 - Oregon State 0
TOP OF THE 2ND
Arizona Wildcats batting - Pitching for Oregon State Beavers : RHP Vincent Whelchel
Batting: RHB Spencer Harris 0-0: Fly out, F7 (Flyball, 78M, EV 78.1 MPH)
Batting: LHB LaDontae Sini 0-0: Ball
1-0: Called Strike
1-1: Swinging Strike
1-2: Ball
2-2: Strikes out swinging
Batting: SHB Isaac Willis 0-0: Ball
1-0: Ball
2-0: Ball
3-0: Called Strike
3-1: Base on Balls
Batting: RHB Richard Sall 0-0: Ball
1-0: Called Strike
1-1: Foul Ball, location: 2F
1-2: SINGLE (Line Drive, 89S, EV 105.6 MPH)
Isaac Willis to second
Batting: LHB Billy Cook 0-0: Called Strike
0-1: TRIPLE (Flyball, 89XD, EV 108.8 MPH)
Isaac Willis scores
Richard Sall scores
Batting: LHB Donnie Thornhill 0-0: Ball
1-0: SINGLE (Groundball, 56D, EV 103.1 MPH)
Billy Cook scores
Batting: RHB Brendan McIntyre 0-0: Called Strike
0-1: Ball
1-1: Called Strike
Donnie Thornhill is caught stealing 2nd base 2-4
Top of the 2nd over - 3 runs, 3 hits, 0 errors, 0 left on base; Arizona 3 - Oregon State 0
BOTTOM OF THE 2ND
Oregon State Beavers batting - Pitching for Arizona Wildcats : RHP Nolan Benway
Batting: RHB Mike Walton 0-0: Ball
1-0: Ball
2-0: Swinging Strike
2-1: Ball
3-1: DOUBLE (Flyball, 8LXD, EV 108.8 MPH)
Batting: RHB Karsten Holland 0-0: Swinging Strike
0-1: SINGLE (Groundball, 4MD, EV 94.4 MPH)
Mike Walton to third
Runner from 3rd tries for Home, SAFE, throw by CF to home
Batting: SHB Shelton Kondo 0-0: Called Strike
0-1: Swinging Strike
0-2: Ball
1-2: Foul Ball, location: 2F
1-2: Strikes out swinging
Batting: RHB Adrian Mellinger 0-0: Ball
1-0: Swinging Strike
1-1: Foul Ball, location: 2F
1-2: Ball
2-2: Foul Ball, location: 2F
2-2: Ball
3-2: Base on Balls
Karsten Holland to second
Batting: RHB Josiah Lucy 0-0: Fly out, F7 (Flyball, 78M, EV 90.6 MPH)
Batting: RHB Vincent Whelchel 0-0: Ball
1-0: Fly out, F9 (Flyball, 9, EV 79.4 MPH)
Bottom of the 2nd over - 1 run, 2 hits, 0 errors, 2 left on base; Arizona 3 - Oregon State 1
TOP OF THE 3RD
Arizona Wildcats batting - Pitching for Oregon State Beavers : RHP Vincent Whelchel
Batting: RHB Brendan McIntyre 0-0: Ball
1-0: Ball
2-0: Fly out, F7 (Flyball, 7D, EV 101.2 MPH)
Batting: LHB Mason Ruff 0-0: Called Strike
0-1: Called Strike
0-2: Foul Ball, location: 2F
0-2: Foul Ball, location: 2F
0-2: Strikes out swinging
Batting: RHB Brian Panek 0-0: Called Strike
0-1: Foul Ball, location: 2F
0-2: Fly out, F4 (Popup, 4M, EV 50.6 MPH)
Top of the 3rd over - 0 runs, 0 hits, 0 errors, 0 left on base; Arizona 3 - Oregon State 1
BOTTOM OF THE 3RD
Oregon State Beavers batting - Pitching for Arizona Wildcats : RHP Nolan Benway
Batting: LHB Evan Garrettson 0-0: Ball
1-0: DOUBLE (Line Drive, 7LS, EV 100.0 MPH)
Batting: RHB Theo Prochazka 0-0: Ball
1-0: SINGLE (Line Drive, 78S, EV 95.6 MPH)
Evan Garrettson to third
Batting: RHB Zane Sirignano 0-0: Ball
1-0: Ball
2-0: Ball
3-0: Base on Balls
Theo Prochazka to second
Batting: RHB Mike Walton 0-0: Grounds into double play, 5-4-3 (Groundball, 56, EV 103.1 MPH)
Evan Garrettson scores
Theo Prochazka to third
Batting: RHB Karsten Holland 0-0: Swinging Strike
0-1: Called Strike
0-2: Ball
1-2: Ball
2-2: Ball
3-2: Foul Ball, location: 2F
3-2: SINGLE (Line Drive, 56D, EV 95.6 MPH)
Theo Prochazka scores
Batting: SHB Shelton Kondo 0-0: Fielders Choice at 2nd, 5-4 (Groundball, 56, EV 88.1 MPH)
Bottom of the 3rd over - 2 runs, 3 hits, 0 errors, 1 left on base; Arizona 3 - Oregon State 3
TOP OF THE 4TH
Arizona Wildcats batting - Pitching for Oregon State Beavers : RHP Vincent Whelchel
Batting: RHB Spencer Harris 0-0: Ball
1-0: Ball
2-0: Foul Ball, location: 2F
2-1: Ground out U3 (Groundball, 23, EV 84.4 MPH)
Batting: LHB LaDontae Sini 0-0: Ball
1-0: Foul Ball, location: 2F
1-1: Ball
2-1: Foul Ball, location: 2F
2-2: Ball
3-2: Ground out 4-3 (Groundball, 4M, EV 103.1 MPH)
Batting: SHB Isaac Willis 0-0: Foul Ball, location: 2F
0-1: Ball
1-1: Ball
2-1: Ground out 6-3 (Groundball, 6, EV 107.5 MPH)
Top of the 4th over - 0 runs, 0 hits, 0 errors, 0 left on base; Arizona 3 - Oregon State 3
BOTTOM OF THE 4TH
Oregon State Beavers batting - Pitching for Arizona Wildcats : RHP Nolan Benway
Batting: RHB Adrian Mellinger 0-0: Ball
1-0: Ball
2-0: Foul Ball, location: 2F
2-1: Swinging Strike
2-2: Ball
3-2: Base on Balls
Batting: RHB Josiah Lucy 0-0: Ball
Adrian Mellinger is caught stealing 2nd base 2-4
1-0: Foul Ball, location: 2F
1-1: Foul Ball, location: 2F
1-2: Fly out, F7 (Flyball, 7LS, EV 81.2 MPH)
Batting: RHB Vincent Whelchel 0-0: Ball
1-0: Swinging Strike
1-1: Ball
2-1: Swinging Strike
2-2: Foul Ball, location: 2F
2-2: Foul Ball, location: 2F
2-2: SOLO HOME RUN (Line Drive, 7LD, EV 98.1 MPH), Distance : 344 ft
Batting: LHB Evan Garrettson 0-0: SINGLE (Line Drive, 56D, EV 96.9 MPH)
Batting: RHB Theo Prochazka 0-0: Ball
Evan Garrettson steals 2nd base
1-0: Foul Ball, location: 2F
1-1: Ball
2-1: Foul Ball, location: 2F
2-2: Ball
3-2: Base on Balls
Batting: RHB Zane Sirignano 0-0: Ball
1-0: Ground out U3 (Groundball, 34, EV 85.6 MPH)
Bottom of the 4th over - 1 run, 2 hits, 0 errors, 2 left on base; Arizona 3 - Oregon State 4
TOP OF THE 5TH
Arizona Wildcats batting - Pitching for Oregon State Beavers : RHP Vincent Whelchel
Batting: RHB Richard Sall 0-0: Called Strike
0-1: Swinging Strike
0-2: Ball
1-2: Ball
2-2: SINGLE (Groundball, 25, EV 70.6 MPH) (infield hit)
Batting: LHB Billy Cook 0-0: Called Strike
Richard Sall is caught stealing 2nd base 2-6
0-1: Ball
1-1: Foul Ball, location: 2F
1-2: Foul Ball, location: 2F
1-2: Ball
2-2: Fly out, F8 (Flyball, 8RM, EV 86.2 MPH)
Batting: LHB Donnie Thornhill 0-0: Ball
1-0: Ball
2-0: Called Strike
2-1: Ball
3-1: Base on Balls
Batting: RHB Brendan McIntyre 0-0: Called Strike
0-1: Ball
1-1: Fielders Choice at 2nd, 6-4 (Groundball, 6, EV 89.4 MPH)
Top of the 5th over - 0 runs, 1 hit, 0 errors, 1 left on base; Arizona 3 - Oregon State 4
BOTTOM OF THE 5TH
Oregon State Beavers batting - Pitching for Arizona Wildcats : RHP Nolan Benway
Batting: RHB Mike Walton 0-0: Called Strike
0-1: Ball
1-1: Swinging Strike
1-2: Ball
2-2: Strikes out swinging
Pitching: RHP David Riley
Batting: RHB Karsten Holland 0-0: Foul Ball, location: 2F
0-1: Foul Ball, location: 2F
0-2: SINGLE (Groundball, 56D, EV 104.4 MPH)
Batting: SHB Shelton Kondo 0-0: Foul Ball, location: 2F
0-1: Swinging Strike
0-2: Grounds into double play, 6-4-3 (Groundball, 6, EV 88.8 MPH)
Bottom of the 5th over - 0 runs, 1 hit, 0 errors, 0 left on base; Arizona 3 - Oregon State 4
TOP OF THE 6TH
Arizona Wildcats batting - Pitching for Oregon State Beavers : RHP Vincent Whelchel
Batting: LHB Mason Ruff 0-0: Fly out, F1 (Line Drive, P, EV 66.2 MPH)
Batting: RHB Brian Panek 0-0: Called Strike
0-1: Foul Ball, location: 2F
0-2: Ball
1-2: Ball
2-2: Foul Ball, location: 2F
2-2: Strikes out swinging, 2-3 out at first.
Batting: RHB Spencer Harris 0-0: Ball
1-0: SINGLE (Line Drive, 78S, EV 87.5 MPH)
Pitching: RHP Logan McNeil
Batting: LHB LaDontae Sini 0-0: Foul Ball, location: 2F
0-1: Called Strike
0-2: Ball
1-2: Ball
2-2: 2-RUN HOME RUN (Flyball, 9D, EV 98.1 MPH), Distance : 379 ft
Batting: SHB Isaac Willis 0-0: Ball
1-0: Foul Ball, location: 2F
1-1: Ball
2-1: SOLO HOME RUN (Flyball, 9D, EV 98.8 MPH), Distance : 368 ft
Batting: RHB Richard Sall 0-0: Ball
1-0: Called Strike
1-1: SINGLE (Groundball, 56, EV 103.8 MPH) (infield hit)
Batting: LHB Billy Cook 0-0: Ball
1-0: Called Strike
1-1: Ball
2-1: Swinging Strike
2-2: 2-RUN HOME RUN (Line Drive, 7D, EV 98.8 MPH), Distance : 373 ft
Pitching: RHP Stephan Valenzuela
Batting: LHB Donnie Thornhill 0-0: Ground out 6-3 (Groundball, 6, EV 83.8 MPH)
Top of the 6th over - 5 runs, 5 hits, 0 errors, 0 left on base; Arizona 8 - Oregon State 4
BOTTOM OF THE 6TH
Oregon State Beavers batting - Pitching for Arizona Wildcats : RHP David Riley
Pinch Hitting: LHB Al Dunlap 0-0: Called Strike
0-1: Ball
1-1: Ball
2-1: Foul Ball, location: 2F
2-2: Ball
3-2: Foul Ball, location: 2F
3-2: Base on Balls
Batting: RHB Josiah Lucy 0-0: Called Strike
Al Dunlap is caught stealing 2nd base 2-4
0-1: Ball
1-1: SINGLE (Groundball, 6D, EV 101.9 MPH)
Batting: RHB Vincent Whelchel 0-0: Single, Error in OF, E8, batter to second base (Groundball, 6MD, EV 103.8 MPH)
Josiah Lucy to third
Batting: LHB Evan Garrettson 0-0: Swinging Strike
0-1: Ball
1-1: Ball
2-1: Foul Ball, location: 2F
2-2: Ball
3-2: SINGLE (Line Drive, 7S, EV 88.1 MPH)
Josiah Lucy scores
Vincent Whelchel to third
Runner from 3rd tries for Home, SAFE, throw by LF to home
Batting: RHB Theo Prochazka 0-0: Ball
1-0: Hit by Pitch
Evan Garrettson to second
Batting: RHB Zane Sirignano 0-0: Called Strike
0-1: Ball
1-1: Swinging Strike
1-2: Strikes out looking
Batting: RHB Mike Walton 0-0: Swinging Strike
0-1: Fielders Choice at 2nd, 6-4 (Groundball, 6, EV 90.0 MPH)
Bottom of the 6th over - 2 runs, 3 hits, 1 error, 2 left on base; Arizona 8 - Oregon State 6
TOP OF THE 7TH
Arizona Wildcats batting - Pitching for Oregon State Beavers : RHP Stephan Valenzuela
Now at 2B: Dolan Marcoux
Batting: RHB Brendan McIntyre 0-0: Called Strike
0-1: Ground out 6-3 (Groundball, 6, EV 78.8 MPH)
Batting: LHB Mason Ruff 0-0: Ball
1-0: Ground out 6-3 (Groundball, 6, EV 101.2 MPH)
Batting: RHB Brian Panek 0-0: Called Strike
0-1: Ball
1-1: Foul Ball, location: 2F
1-2: Ball
2-2: Foul Ball, location: 2F
2-2: SINGLE (Flyball, 8LS, EV 93.1 MPH)
Batting: RHB Spencer Harris 0-0: Called Strike
0-1: Fly out, F9 (Flyball, 89S, EV 89.4 MPH)
Top of the 7th over - 0 runs, 1 hit, 0 errors, 1 left on base; Arizona 8 - Oregon State 6
BOTTOM OF THE 7TH
Oregon State Beavers batting - Pitching for Arizona Wildcats : RHP David Riley
Batting: RHB Karsten Holland 0-0: Ground out 3-1 (Groundball, 34, EV 86.9 MPH)
Batting: SHB Shelton Kondo 0-0: DOUBLE (Popup, 3D, EV 64.4 MPH)
Pinch Hitting: RHB Marcel Murdock 0-0: Swinging Strike
0-1: Called Strike
0-2: Foul Ball, location: 2F
0-2: Ball
1-2: Ball
2-2: SINGLE (Flyball, 34D, EV 95.6 MPH)
Shelton Kondo to third
Batting: RHB Josiah Lucy 0-0: Called Strike
0-1: Ball
1-1: Hit by Pitch
Marcel Murdock to second
Batting: LHB Cole Williams 0-0: Foul Ball, location: 2F
0-1: Swinging Strike
0-2: Strikes out swinging
Batting: LHB Evan Garrettson 0-0: Foul Ball, location: 2F
0-1: Ball
1-1: Ball
2-1: Ball
3-1: Called Strike
3-2: Base on Balls
Shelton Kondo scores
Marcel Murdock to third
Josiah Lucy to second
Pitching: RHP Cole Houghton
Batting: RHB Theo Prochazka 0-0: Ball
1-0: Swinging Strike
1-1: Foul Ball, location: 2F
1-2: Strikes out swinging
Bottom of the 7th over - 1 run, 2 hits, 0 errors, 3 left on base; Arizona 8 - Oregon State 7
TOP OF THE 8TH
Arizona Wildcats batting - Pitching for Oregon State Beavers : RHP Stephan Valenzuela
Now at 2B: Marcel Murdock
Batting: LHB LaDontae Sini 0-0: Ball
1-0: Called Strike
1-1: Foul Ball, location: 2F
1-2: Ball
2-2: Ball
3-2: Fly out, F9 (Line Drive, 9, EV 97.5 MPH)
Batting: SHB Isaac Willis 0-0: Ground out U3 (Groundball, 3, EV 87.5 MPH)
Batting: RHB Richard Sall 0-0: Ball
1-0: Ball
2-0: Ground out 5-3 (Groundball, 56S, EV 86.9 MPH)
Top of the 8th over - 0 runs, 0 hits, 0 errors, 0 left on base; Arizona 8 - Oregon State 7
BOTTOM OF THE 8TH
Oregon State Beavers batting - Pitching for Arizona Wildcats : RHP Cole Houghton
Now in LF: Wendel Serrano
Now in RF: LaDontae Sini
Batting: RHB Zane Sirignano 0-0: Foul Ball, location: 2F
0-1: Ball
1-1: SOLO HOME RUN (Flyball, 7D, EV 96.9 MPH), Distance : 352 ft
Batting: RHB Mike Walton 0-0: Called Strike
0-1: Ball
1-1: Ball
2-1: Ball
3-1: Called Strike
3-2: Base on Balls
Batting: RHB Karsten Holland 0-0: Swinging Strike
0-1: Called Strike
0-2: Ball
1-2: Foul Ball, location: 2F
1-2: Ball
2-2: Strikes out swinging
Batting: SHB Shelton Kondo 0-0: Ball
Mike Walton steals 2nd base
1-0: Foul Ball, location: 2F
1-1: Fly out, F3 (Line Drive, 34, EV 84.4 MPH)
Batting: RHB Marcel Murdock 0-0: Intentional Walk
Batting: RHB Josiah Lucy 0-0: Ball
1-0: Called Strike
1-1: Called Strike
1-2: Strikes out swinging
Bottom of the 8th over - 1 run, 1 hit, 0 errors, 2 left on base; Arizona 8 - Oregon State 8
TOP OF THE 9TH
Arizona Wildcats batting - Pitching for Oregon State Beavers : RHP Stephan Valenzuela
Batting: LHB Billy Cook 0-0: Ball
1-0: Ground out 4-3 (Groundball, 4, EV 85.6 MPH)
Batting: RHB Wendel Serrano 0-0: Fly out, F1 (Line Drive, P, EV 74.4 MPH)
Batting: RHB Brendan McIntyre 0-0: Called Strike
0-1: Swinging Strike
0-2: Foul Ball, location: 2F
0-2: Foul Ball, location: 2F
0-2: Ball
1-2: Ball
2-2: Foul Ball, location: 2F
2-2: Strikes out looking
Top of the 9th over - 0 runs, 0 hits, 0 errors, 0 left on base; Arizona 8 - Oregon State 8
BOTTOM OF THE 9TH
Oregon State Beavers batting - Pitching for Arizona Wildcats : RHP Cole Houghton
Batting: LHB Cole Williams 0-0: Ball
1-0: SINGLE (Flyball, 89S, EV 85.6 MPH)
Batting: LHB Evan Garrettson 0-0: Bunted foul
0-1: Bunt missed!
0-2: Foul Ball, location: 2F
0-2: Ball
1-2: Foul Ball, location: 2F
1-2: Ground out 3-1 (Groundball, 34, EV 102.5 MPH)
Cole Williams to second
Batting: RHB Theo Prochazka 0-0: Ball
1-0: Foul Ball, location: 2F
1-1: Ball
2-1: Foul Ball, location: 2F
2-2: Foul Ball, location: 2F
2-2: Ball
3-2: Base on Balls
Batting: RHB Zane Sirignano 0-0: Called Strike
0-1: Foul Ball, location: 2F
0-2: Fly out, F7 (Flyball, 78S, EV 88.8 MPH)
Batting: RHB Mike Walton 0-0: Called Strike
0-1: SINGLE (Line Drive, 9S, EV 105.0 MPH)
Cole Williams to third
Theo Prochazka to second
Batting: RHB Karsten Holland 0-0: Foul Ball, location: 2F
0-1: Called Strike
0-2: Ball
1-2: Strikes out looking
Bottom of the 9th over - 0 runs, 2 hits, 0 errors, 3 left on base; Arizona 8 - Oregon State 8
TOP OF THE 10TH
Arizona Wildcats batting - Pitching for Oregon State Beavers : RHP Stephan Valenzuela
Pitching: LHP Jamail Black
Batting: LHB Mason Ruff 0-0: SINGLE (Line Drive, 56D, EV 98.1 MPH)
Batting: RHB Brian Panek 0-0: Ball
1-0: Ball
2-0: Called Strike
2-1: Grounds into double play, 6-4-3 (Groundball, 6MD, EV 93.8 MPH)
Batting: RHB Spencer Harris 0-0: Ball
1-0: Foul Ball, location: 2F
1-1: Foul Ball, location: 2F
1-2: Ball
2-2: Ball
3-2: SINGLE (Line Drive, 6D, EV 96.9 MPH)
Batting: LHB LaDontae Sini 0-0: Ground out 1-3 (Groundball, 13S, EV 70.0 MPH)
Top of the 10th over - 0 runs, 2 hits, 0 errors, 1 left on base; Arizona 8 - Oregon State 8
BOTTOM OF THE 10TH
Oregon State Beavers batting - Pitching for Arizona Wildcats : RHP Cole Houghton
Pitching: RHP Landin Kobayashi
Batting: SHB Shelton Kondo 0-0: Foul Ball, location: 2F
0-1: Ball
1-1: Swinging Strike
1-2: Foul Ball, location: 2F
1-2: Strikes out swinging
Batting: RHB Marcel Murdock 0-0: Ground out 6-3 (Groundball, 6S, EV 88.8 MPH)
Batting: RHB Josiah Lucy 0-0: Called Strike
0-1: Ground out 6-3 (Groundball, 6, EV 87.5 MPH)
Bottom of the 10th over - 0 runs, 0 hits, 0 errors, 0 left on base; Arizona 8 - Oregon State 8
TOP OF THE 11TH
Arizona Wildcats batting - Pitching for Oregon State Beavers : LHP Jamail Black
Batting: SHB Isaac Willis 0-0: Called Strike
0-1: Foul Ball, location: 2F
0-2: Ball
1-2: Foul Ball, location: 2F
1-2: Strikes out swinging
Batting: RHB Richard Sall 0-0: Called Strike
0-1: Foul Ball, location: 2F
0-2: SINGLE (Groundball, 56D, EV 103.1 MPH)
Batting: LHB Billy Cook 0-0: Called Strike
0-1: Ball
1-1: Ball
2-1: Called Strike
2-2: Strikes out swinging
Batting: RHB Wendel Serrano 0-0: Called Strike
0-1: Ball
1-1: 2-RUN HOME RUN (Flyball, 7LD, EV 97.5 MPH), Distance : 338 ft
Batting: RHB Brendan McIntyre 0-0: Called Strike
0-1: Ball
1-1: Ball
2-1: Foul Ball, location: 2F
2-2: Strikes out swinging
Top of the 11th over - 2 runs, 2 hits, 0 errors, 0 left on base; Arizona 10 - Oregon State 8
BOTTOM OF THE 11TH
Oregon State Beavers batting - Pitching for Arizona Wildcats : RHP Landin Kobayashi
Batting: LHB Cole Williams 0-0: Called Strike
0-1: Swinging Strike
0-2: Foul Ball, location: 2F
0-2: Strikes out swinging
Batting: LHB Evan Garrettson 0-0: Swinging Strike
0-1: Ball
1-1: Foul Ball, location: 2F
1-2: Ball
2-2: Ball
3-2: Strikes out swinging
Batting: RHB Theo Prochazka 0-0: Ball
1-0: Ball
2-0: Swinging Strike
2-1: Foul Ball, location: 2F
2-2: SINGLE (Popup, 6D, EV 55.0 MPH)
Batting: RHB Zane Sirignano 0-0: Ball
1-0: Ball
2-0: Ball
3-0: Called Strike
3-1: Base on Balls
Theo Prochazka to second
Batting: RHB Mike Walton 0-0: Called Strike
0-1: Swinging Strike
0-2: Strikes out swinging
Bottom of the 11th over - 0 runs, 1 hit, 0 errors, 2 left on base; Arizona 10 - Oregon State 8
Tuesday, April 16th , 2024 - OOTP Baseball 23.10 Build 110